 Dungeon Crawl Stone Soup version 0.31-a0-981-geadf994542 (webtiles) character file.

Game seed: 12440005972486685660

40 Whiskey the Changeling (level 3, -10/24 HPs)
             Began as an Octopode Shapeshifter on Nov 2, 2023.
             Mangled by a gnoll
             ... wielding a +0 halberd
              (12 damage)
             ... on level 2 of the Dungeon.
             The game lasted 00:01:45 (821 turns).

Whiskey the Changeling (Octopode Shapeshifter)       Turns: 821, Time: 00:01:46

Health: -10/24     AC:  1    Str: 15    XL:     3   Next: 50%
Magic:  3/3        EV: 13    Int: 12    God:
Gold:   34         SH:  0    Dex: 11    Spells: 2/2 levels left

rFire   . .          .
                       - Unarmed
rCold   . . .        (no shield)
rNeg    . . .        (helmet currently unavailable)
rPois   .            (no amulet)
rElec   .            g - ring of wizardry {Wiz+, !d}
rCorr   .            (no ring)
SInv    .            (no ring)
Will    .....        (no ring)
Stlth   ++           (no ring)
HPRegen 0.24/turn    (no ring)
MPRegen 0.08/turn    (no ring)
                     (no ring)

%: wizardry (x1)
@: beast-form
A: beast (slay +2), almost no armour, amphibious, 8 rings, camouflage 1,
gelatinous body 1, (nimble swimmer 1), tentacles
a: Begin Untransformation


You were on level 2 of the Dungeon.
You were a hulking beast.
You visited 1 branch of the dungeon, and saw 2 of its levels.

You collected 34 gold pieces.

Inventory:

Jewellery
 g - a ring of wizardry (left tentacle) {Wiz+, !d}
   (You found it on level 1 of the Dungeon)
Talismans
 b - a beast talisman
 c - a flux talisman
Scrolls
 d - a scroll of fear {unknown}
 f - a scroll of amnesia {unknown}
 h - a scroll of teleportation {unknown}
 i - a scroll of fog {unknown}
 j - a scroll of poison {unknown}
Potions
 a - a potion of lignification {!q}
 e - a potion of might {unknown}


   Skills:
 + Level 2.0 Fighting
 - Level 2.0 Dodging
 - Level 3.0 Unarmed Combat
 * Level 3.8 Shapeshifting


You had 2 spell levels left.
You didn't know any spells.
Your spell library was empty.

Dungeon Overview and Level Annotations

Branches:
Dungeon (2/15)

Altars:


Innate Abilities, Weirdness & Mutations

You are a hulking beast.
Your limbs bulge with bestial killing power. (Slay +2)
You cannot wear most types of armour.
You are amphibious.
You can wear up to eight rings at the same time.
Your skin changes colour to match your surroundings (Stealth+).
Your rubbery body absorbs attacks. (AC +1, EV +1)
((You are camouflaged when in or above water. (Stealth+)))
You have tentacles for arms and can constrict up to eight enemies at once.


Message History

The quokka barely misses you.
You tentacle-slap the quokka but do no damage.
Your grab misses the quokka.
The quokka bites you but does no damage.
The quokka closely misses you.
You tentacle-slap the quokka. You grab the quokka.
You constrict the quokka, but do no damage.
The quokka closely misses you.
You tentacle-slap the quokka but do no damage.
You constrict the quokka. The quokka misses you.
You tentacle-slap the quokka but do no damage.
You squeeze the quokka.
You kill the quokka!
You see here a quokka corpse.
A kobold comes into view. It is wielding a +0 club.
The kobold shouts!
The kobold closely misses you.
You see here a scroll labelled ZUELOB LAVVERAPS.
You barely miss the kobold. You grab the kobold.
You squeeze the kobold, but do no damage.
You constrict the kobold, but do no damage.
The kobold completely misses you.
You bludgeon the kobold!
You kill the kobold!
No target in view!
No target in view!
No target in view!
No target in view!
No target in view!
No target in view!
No target in view!
No target in view!
No target in view!
No target in view!
No target in view!
No target in view!
No target in view!
j - a scroll labelled ZUELOB LAVVERAPS As you open the door, it creaks loudly!
There is an open door here.
Done exploring.
Done exploring.
There is a stone staircase leading down here.
You climb downwards.
The gnoll shouts!
The kobold shouts!
You hear a shout!
There is a stone staircase leading up here.
There are monsters nearby!
You tentacle-slap the kobold. Your grab misses the kobold.
The kobold misses you.
You closely miss the kobold. You grab the kobold. You constrict the kobold.
You tentacle-slap the kobold.
You kill the kobold!
A gnoll comes into view. It is wielding a +0 halberd.
The gnoll shouts!
You hear a shout!
You tentacle-slap the gnoll but do no damage.
You grab the gnoll. You squeeze the gnoll. You constrict the gnoll.
The gnoll completely misses you.
You tentacle-slap the gnoll.
You kill the gnoll!
Your Fighting skill increases to level 2!
You see here a +0 whip.
A gnoll comes into view. It is wielding a +0 spear.
A gnoll comes into view. It is wielding a +0 whip.
The gnoll hits you with a +0 halberd!
Ouch! That really hurt!
The gnoll moves out of view.
The gnoll shouts!
You are too injured to fight recklessly!
You take 12 damage, and have 12/24 hp.
MASSIVE DAMAGE!!
You are too injured to fight recklessly!
You are too injured to fight recklessly!
You are too injured to fight recklessly!
You are too injured to fight recklessly!
You are too injured to fight recklessly!
You are too injured to fight recklessly!
You are too injured to fight recklessly!
You are too injured to fight recklessly!
You are too injured to fight recklessly!
You are too injured to fight recklessly!
You are too injured to fight recklessly!
You are too injured to fight recklessly!
You are too injured to fight recklessly!
You are too injured to fight recklessly!
You are too injured to fight recklessly!
You are too injured to fight recklessly!
You are too injured to fight recklessly!
You are too injured to fight recklessly!
You are too injured to fight recklessly!
You are too injured to fight recklessly!
You are too injured to fight recklessly!
You are too injured to fight recklessly!
You are too injured to fight recklessly!
You tentacle-slap the gnoll. You grab the gnoll. You constrict the gnoll.
The gnoll hits you with a +0 halberd!
* * * LOW HITPOINT WARNING * * *
You take 11 damage, and have 1/24 hp.
MASSIVE DAMAGE!!
You release your grip on the gnoll.
The gnoll hits you from afar with a +0 halberd!
Ouch! That really hurt!
You die...

#...... ...
##...... ..#
........# ...# .
......... ...#..
........##......
#......#.......
#......gg..$...
##.###.#.#...#
#......h.....#
#.##..###..##.#.#
......)....# .#
.#..##<...# .
#...## .. .......
.# ##...#.....#
....#.... ......
.#.


You could see 2 gnolls.

Vanquished Creatures
  2 gnolls
  A dart slug (D:1)
  A ball python (D:1)
  2 giant cockroaches (D:1)
  A goblin (D:1)
  2 hobgoblins (D:1)
  3 jackals (D:1)
  2 quokkas (D:1)
  A frilled lizard (D:1)
  3 kobolds
18 creatures vanquished.

Notes
Turn   | Place    | Note
-------+----------+-------------------------------------------
     0 | D:1      | Whiskey the Octopode Shapeshifter began the quest for the
                  | Orb.
     0 | D:1      | Reached XP level 1. HP: 13/13 MP: 1/1
   246 | D:1      | Reached XP level 2. HP: 15/18 MP: 2/2
   423 | D:1      | Reached XP level 3. HP: 16/24 MP: 3/3
   818 | D:2      | Reached skill level 2 in Fighting
   820 | D:2      | HP: 1/24 [gnoll/+0 halberd (11)]
   821 | D:2      | Mangled by a gnoll

Illustrated notes

Levels and vault maps discovered:
D:1:      minmay_arrival_arboretum_large, layout_loops_ring,
          minmay_misc_feat_doors, chequers_serial_rivers_small_3,
          kennysheep_another_room
D:2:      layout_basic

Skill      XL: |  1  2  3 |
---------------+----------+-----
Fighting       | 2 |  2.0
Dodging        | |  2.0
Unarmed Combat | |  3.0
Shapeshifting  | |  3.8

Action                     || total
---------------------------++-------
  Melee: Unarmed           ||    38
         Constrict         ||    14
         Tentacles         ||    10
         Punch             ||     1
   Stab: Sleeping          ||     1
 Armour: Skin              ||    11
  Dodge: Dodged            ||    24

Table legend: (Time is in decaauts)
 A = Elapsed time spent in this place.
 B = Non-inter-level travel time spent in this place.
 C = Inter-level travel time spent in this place.
 D = Time resting spent in this place.
 E = Time spent auto-exploring this place.
 F = Levels seen in this place.
 G = Mean time per level.
                   A        B        C        D        E       F      G
               +--------+--------+--------+--------+--------+-----+--------+
         Total |    817 |    796 |     21 |      0 |    692 |   2 |  408.5 |
       Dungeon |    817 |    796 |     21 |      0 |    692 |   2 |  408.5 |
               +--------+--------+--------+--------+--------+-----+--------+

Top non-repeatable levels by time:
     D:1: 807 daAuts
     D:2: 10 daAuts

Levels and vault maps discovered:
D:1:      minmay_arrival_arboretum_large, layout_loops_ring,
          minmay_misc_feat_doors, chequers_serial_rivers_small_3,
          kennysheep_another_room
D:2:      layout_basic

Table legend: (Time is in decaauts)
 A = Elapsed time spent in this place.
 B = Non-inter-level travel time spent in this place.
 C = Inter-level travel time spent in this place.
 D = Time resting spent in this place.
 E = Time spent auto-exploring this place.
 F = Levels seen in this place.
 G = Mean time per level.
                   A        B        C        D        E       F      G
               +--------+--------+--------+--------+--------+-----+--------+
         Total |    817 |    796 |     21 |      0 |    692 |   2 |  408.5 |
       Dungeon |    817 |    796 |     21 |      0 |    692 |   2 |  408.5 |
               +--------+--------+--------+--------+--------+-----+--------+

Top non-repeatable levels by time:
     D:1: 807 daAuts
     D:2: 10 daAuts

Table legend:
 A = Kills in this place as a percentage of kills in the entire game.
 B = Kills by you in this place as a percentage of kills by you in the entire game.
 C = Kills by friends in this place as a percentage of kills by friends in the entire game.
 D = Other kills in this place as a percentage of other kills in the entire game.
 E = Experience gained in this place as a percentage of experience gained in the entire game.
 F = Experience gained in this place divided by the number of levels of this place that you have seen.
                   A       B       C       D       E      F
               +-------+-------+-------+-------+-------+----------------------
         Total | 100.0 | 100.0 |   N/A |   N/A | 100.0 |  29.0
       Dungeon | 100.0 | 100.0 |   N/A |   N/A | 100.0 |  29.0
               +-------+-------+-------+-------+-------+----------------------
